 Seeded DCSS version 0.29.1-15-g9cfb28693d (webtiles) character file.

Game seed: 11811001052645388386 (custom seed)

129 GigaChad the Trooper (level 4, -2/36 (41) HPs)
             Began as a Minotaur Fighter on Mar 13, 2023.
             Slain by a river rat (7 damage)
             ... summoned by Eustachio
             ... on level 4 of the Dungeon.
             The game lasted 00:03:12 (3014 turns).

GigaChad the Trooper (Minotaur Fighter)             Turns: 3014, Time: 00:03:14

HP:   -2/36 (41)    AC:  7    Str: 28    XL:     4   Next: 88%
MP:   3/3           EV:  9    Int:  5    God:
Gold: 137           SH:  4    Dex: 10    Spells: 3/3 levels left

rFire   + + .      SeeInvis +   a - +0 war axe
rCold   . . .      Faith    .   c - +0 buckler
rNeg    . . .      Spirit   .   b - +0 scale mail
rPois   .          Reflect  .   (helmet restricted)
rElec   +          Harm     .   (no cloak)
rCorr   .          Rampage  .   (no gloves)
Will    .....                   (no boots)
Stlth   ..........              (no amulet)
HPRegen 0.12/turn               g - ring of Kibbaf {rElec rF++ Will- Str+6 SInv}
MPRegen 0.08/turn               (no ring)

@: heavily drained
A: horns 2, retaliatory headbutt
a: no special abilities


You were on level 4 of the Dungeon.
You visited 1 branch of the dungeon, and saw 4 of its levels.

You collected 137 gold pieces.

Inventory:

Hand Weapons
 a - a +0 war axe (weapon)
Armour
 b - a +0 scale mail (worn)
 c - a +0 buckler (worn)
Jewellery
 g - the ring of Kibbaf (left hand) {rElec rF++ Will- Str+6 SInv}
   (You acquired it on level 2 of the Dungeon)

   [ring of strength]

   Str:       It affects your strength (+6).
   rF:        It greatly protects you from fire.
   rElec:     It insulates you from electricity.
   SInv:      It lets you see invisible.
   Will:      It decreases your willpower.
Scrolls
 e - 3 scrolls of enchant weapon {unknown}
 k - a scroll of vulnerability {unknown}
 l - a scroll of identify {unknown}
 m - a scroll of amnesia {unknown}
 q - 3 scrolls of teleportation {unknown}
 r - a scroll of blinking {unknown}
 t - a scroll of fog {unknown}
 u - a scroll of enchant armour {unknown}
Potions
 d - 2 potions of might
 f - 4 potions of heal wounds {unknown}
 h - 3 potions of curing {unknown}
 i - 3 potions of haste {unknown}
 j - a potion of flight {unknown}
 n - 2 potions of cancellation {unknown}
 o - 2 potions of berserk rage {unknown}
 p - a potion of brilliance {unknown}
 s - a potion of lignification {unknown}


   Skills:
 * Level 4.8 Fighting
 + Level 3.9 Axes
 + Level 4.4 Armour
 * Level 0.5 Dodging
 - Level 0.2 Stealth
 * Level 4.2 Shields


You had 3 spell levels left.
You didn't know any spells.
Your spell library contained the following spells:

 Spells                   Type           Power      Damage    Failure   Level
 Shock                    Conj/Air       0%         1d3       83%         1
 Ensorcelled Hibernation  Hex/Ice        0%         N/A       92%         2
 Passwall                 Tmut/Erth      0%         N/A       92%         2
 Dazzling Flash           Conj/Hex       0%         N/A       99%         3
 Stone Arrow              Conj/Erth      0%         3d7       99%         3
 Swiftness                Air            0%         N/A       99%         3
 Animate Armour           Summ/Erth      0%         N/A       100%        4
 Iskenderun's Mystic Bla  Conj/Tloc      0%         2d3       100%        4
 Starburst                Conj/Fire      0%         6d3       100%        6
 Lehudib's Crystal Spear  Conj/Erth      0%         10d2      100%        8


Dungeon Overview and Level Annotations

Branches:
Dungeon (4/15)
 Temple: D:4-7

Altars:

Annotations:
D:4 Eustachio


Innate Abilities, Weirdness & Mutations

You have a pair of horns on your head.
You reflexively headbutt those who attack you in melee.


Message History

The hound barks!
You hit the hound.
The hound is lightly wounded.
You hear a shout!
The hound closely misses you. x2
Eustachio hits you with a +2 rapier of draining.
You feel drained. The hound closely misses you.
Eustachio hits you with a +2 rapier of draining!
You feel drained. The hound closely misses you.
You hit Eustachio.
Eustachio is lightly wounded.
You barely miss the hound. The hound closely misses you.
An orc comes into view. It is wielding a +0 club.
Eustachio barely misses you. You block the hound's attack.
You completely miss Eustachio.
Eustachio is lightly wounded.
You barely miss the hound. The hound bites you.
Eustachio hits you with a +2 rapier of draining!
You feel drained. You block the hound's attack.
You barely miss Eustachio. You headbutt Eustachio!
Eustachio is moderately wounded.
You barely miss the hound. You block the hound's attack.
Eustachio hits you with a +2 rapier of draining.
You feel drained. The hound bites you but does no damage.
Eustachio mumbles some strange words.
You barely miss Eustachio. You headbutt Eustachio!
Eustachio is heavily wounded.
You slash the hound! You hit the iron imp.
The hound bites you but does no damage. Eustachio closely misses you.
You block the hound's attack. The iron imp hits you!
* * * LOW HITPOINT WARNING * * *
You barely miss Eustachio.
Eustachio is heavily wounded.
You slash the hound!
You kill the hound!
You barely miss the iron imp.
Eustachio gestures wildly while chanting.
The river rat bites you!
You die...

###.......
##........ ?.......
.oh... hr#.# #br5#
#@r# #@b## #.# #.5b#
#.# #.#.### #.#
#.#...# #.# ..##..#
#.# .####'#### #.#
#.#.......####.#####
. #.##.##.#.........
##
#.#.#.#.####.#####


You could see Eustachio, 2 hounds, an iron imp (summoned), a river rat
(summoned, expiring), a shadow imp (summoned), an orc, a quokka (summoned,
expiring), 3 bats and a rat (summoned).

Vanquished Creatures
  A hound (D:4)
  Robin (D:2)
  A gnoll (D:1)
  3 adders (D:3)
  A worm (D:2)
  3 dart slugs
  3 orcs
  5 ball pythons
  5 endoplasms
  A giant cockroach (D:1)
  15 goblins
  11 hobgoblins
  A quokka (D:1)
  6 bats
  3 frilled lizards
  3 kobolds
  6 rats
69 creatures vanquished.

Vanquished Creatures (others)
  3 fungi (D:2)
  5 plants (D:2)
8 creatures vanquished.

Grand Total: 77 creatures vanquished

Notes
Turn   | Place    | Note
-------+----------+-------------------------------------------
     0 | D:1      | GigaChad the Minotaur Fighter began the quest for the Orb.
     0 | D:1      | Reached XP level 1. HP: 19/19 MP: 0/0
   204 | D:1      | Reached XP level 2. HP: 13/27 MP: 1/1
   836 | D:1      | Reached XP level 3. HP: 33/34 MP: 2/2
  1293 | D:2      | Noticed Robin
  1302 | D:2      | Killed Robin
  1487 | D:2      | Found a faded altar of an unknown god.
  1495 | D:2      | Reached XP level 4. HP: 41/41 MP: 3/3
  1501 | D:2      | Got Plato's Precepts of Lightning
  1851 | D:2      | Identified a scroll of acquirement
  1851 | D:2      | Acquired the ring of Kibbaf {rElec rF++ Will- Str+6 SInv}
  3004 | D:4      | Noticed Eustachio
  3014 | D:4      | Slain by a river rat

Illustrated notes

Levels and vault maps discovered:
D:1:      dpeg_arrival_lava_temple_mockup, layout_loops_ring
D:2:      minmay_door_path, layout_basic, shapermc_ecumenical_altar_rom_forum,
          st_stairs_14, uniq_robin
D:3:      layout_basic, serial_corexii_hall, corexii_hall_statues_x,
          chequers_hall_statues_corner_a, minmay_misc_feat_tiny
D:4:      layout_rooms, temple_fountains, dreamdust_princess_bridge,
          kennysheep_generic_room_9, uniq_eustachio

Skill      XL: |  1  2  3 |
---------------+----------+-----
Fighting       | 4 |  4.8
Armour         | 4 |  4.4
Shields        | 4 |  4.2
Axes           | 3 |  3.9
Dodging        | |  0.5
Stealth        | |  0.2

Action                   |  1- 3 |  4- 6 || total
-------------------------+-------+-------++-------
Melee: War axe           |    65 |    61 ||   126
       Headbutt          |    12 |     9 ||    21
  Use: Scroll            |       |     1 ||     1
Armor: Scale mail        |    34 |    35 ||    69
Dodge: Dodged            |    34 |    35 ||    69
Block: Buckler           |    25 |    16 ||    41
